cohdb
Replays
Latest Replays
All Replays
Popular Replays
Top Player Replays
Match Explorer
How It Works
Community
CoH3 Stats
Reddit
Sign in to upload your games and track your stats! →
Sign in with Steam
Match 25914653
Unlisted
Match 25914653
Overview
Messages
Build Orders
End
Panzergrenadier Squad
Kradschützen Motorcycle Team
Panzergrenadier Squad
250 Light Carrier
Construct Light Support Kompanie
Assault Grenadier Squad
Fire Support Elements
Panzergrenadier Squad
MG34 Team
Selects Guastatori Squad
MG34 Team
Flakvierling Half-track
Panzergrenadier Squad
Selects Registered Artillery
Construct Mechanized Kompanie
Pak 38 Anti-tank Gun Team
Support Armor Elements
Selects Defensive Operations
Advanced Field Repairs
8 Rad Armored Car
Combat Half-tracks
Panzerpioneer Squad
StuG III D Assault Gun
Marder III Tank Destroyer
Panzerpioneer Squad
Vehicle Survival Package
Selects Armored Support Battlegroup
Selects Italian Infantry
CPU - Experto
CPU - Experto
CPU - Experto
Eber
R3dn3ckRock3r
Desert_WollF
0
0
Comments
sign in to comment!
No comments posted yet!